 Dungeon Crawl Stone Soup version 0.19.0-20-gbc5f0c6 (console) character file.

121 Jesseh the Chopper (level 4, 0/42 HPs)
             Began as a Deep Dwarf Fighter on Nov 17, 2016.
             Slain by a kobold
             ... wielding a +0 short sword
              (3 damage)
             ... on level 3 of the Dungeon.
             The game lasted 00:10:32 (1819 turns).

Jesseh the Chopper (Deep Dwarf Fighter)             Turns: 1819, Time: 00:10:32

Health: 0/42       AC:  7    Str: 20    XL:     4   Next: 76%
Magic:  4/4        EV:  7    Int:  8    God:
Gold:   117        SH:  9    Dex: 13    Spells: 0 memorised, 3 levels left

rFire  . . .     SeeInvis .     a - +0 war axe
rCold  . . .     Gourm    .     b - +0 scale mail
rNeg   . . .     Faith    .     c - +0 shield
rPois  .         Spirit   .     (no helmet)
rElec  .         Reflect  .     (no cloak)
rCorr  .         Harm     .     (no gloves)
MR     .....                    (no boots)
Stlth  ..........               (no amulet)
                                (no ring)
                                (no ring)

@: non-regenerating
A: damage resistance, recharge devices, sense surroundings 1, slow regeneration
3
a: Device Recharging


You were on level 3 of the Dungeon.
You were not hungry.

You visited 1 branch of the dungeon, and saw 3 of its levels.

You collected 117 gold pieces.

Inventory:

Hand Weapons
 a - a +0 war axe (weapon)
 n - a cursed +0 hunting sling (quivered)
   (You found it on level 1 of the Dungeon)
Missiles
 x - 14 sling bullets
Armour
 b - a +0 scale mail (worn)
 c - a +0 shield (worn)
 p - a +0 pair of boots
   (You found it on level 1 of the Dungeon)
Jewellery
 h - an uncursed ring of ice {unknown}
   (You found it on level 1 of the Dungeon)
 m - an uncursed ring of protection from cold {unknown}
   (You found it on level 1 of the Dungeon)
 y - a +2 ring of intelligence {unknown}
   (You found it on level 2 of the Dungeon)
Wands
 e - a wand of heal wounds (4/9)
Scrolls
 i - a scroll of blinking {unknown}
 j - a scroll of fog {unknown}
 k - a scroll of noise {unknown}
 q - a scroll of magic mapping {unknown}
 w - a scroll of identify {unknown}
Potions
 d - a potion of might
 g - a potion of agility {unknown}
 o - 2 potions of mutation {unknown}
 u - a potion of cancellation {unknown}
 z - a potion of flight {unknown}
 A - a potion of degeneration {unknown}
Comestibles
 f - 3 bread rations
 l - a slice of pizza
 r - 2 meat rations
 s - a royal jelly
 t - a beef jerky


   Skills:
 + Level 3.5 Fighting
 * Level 4.2 Axes
 + Level 4.0 Armour
 - Level 3.2 Shields


You had 3 spell levels left.
You didn't know any spells.

Dungeon Overview and Level Annotations

Branches:
Dungeon (3/15)

Altars:
Okawaru
Vehumet


Innate Abilities, Weirdness & Mutations

You are resistant to damage.
You can recharge devices by infusing magical energy.
You passively map a small area around you.
You do not regenerate.


Message History

You block the frilled lizard's attack.
You miss the frilled lizard.
The frilled lizard bites you but does no damage.
You miss the frilled lizard.
The frilled lizard bites you but does no damage.
The frilled lizard barely misses you.
You barely miss the frilled lizard.
The frilled lizard bites you but does no damage.
You completely miss the frilled lizard. The frilled lizard barely misses you.
The frilled lizard bites you but does no damage.
You hit the frilled lizard.
You kill the frilled lizard!
You see here a frilled lizard corpse.
You butcher the frilled lizard corpse.
v - 7 chunks of flesh (gained 1)
You see here a frilled lizard skeleton.
Some of the chunks of flesh in your inventory have rotted away.
You see here a frilled lizard skeleton.
Eating one of 6 chunks of flesh.
You start eating one of the 6 chunks of flesh.
You are feeling hungry.
Some of the chunks of flesh in your inventory have rotted away.
Natasha, Servant of Life and Death comes into view.
A fountain of clear blue water.
You block Natasha's attack.
You slash Natasha!
Natasha extends her claws.
Natasha barely misses you.
Natasha mumbles some strange words.
You slash Natasha!
You kill Natasha!
Natasha screams in fury as she dies!
The iron imp disappears in a puff of smoke!
You have reached level 4!
You feel stronger.
You see here the felid corpse of Natasha.
You butcher the felid corpse of Natasha.
v - 5 chunks of flesh (gained 1)
You see here the felid skeleton of Natasha.
Some of the chunks of flesh in your inventory have rotted away.
Some of the chunks of flesh in your inventory have rotted away.
Natasha, Servant of Life and Death comes into view.
Natasha hisses angrily.
Natasha howls an incantation.
Natasha shimmers violently.
You block Natasha's attack.
You hit Natasha. Natasha barely misses you.
Natasha claws you but does no damage.
You closely miss Natasha. You block Natasha's attack.
Your shield and scale mail prevent you from hitting Natasha.
Natasha claws you.
* * * LOW HITPOINT WARNING * * *
You block Natasha's attack.
You slash Natasha!
Natasha casts a spell.
You completely miss Natasha. Natasha claws you but does no damage.
You slash Natasha!
You kill Natasha!
You feel Natasha's spirit has finally been put to rest.
The white imp disappears in a puff of smoke!
Your Axes skill increases to level 4!
A - a coppery potion Some of the chunks of flesh in your inventory have rotted away.
Done exploring.
You don't know any spells.
Some of the chunks of flesh in your inventory have rotted away.
There is a stone staircase leading down here.
You climb downwards. 3 gnolls and a kobold come into view.
The gnoll shouts! x3; The kobold shouts!
There is a stone staircase leading up here.
You block the gnoll's attack.
The kobold throws a stone.
The stone hits you but does no damage.
You see here a stone.
The gnoll hits you but does no damage.
The kobold throws a stone.
The stone hits you but does no damage.
The gnoll hits you from afar with a spear.
You barely miss the gnoll.
The gnoll hits you from afar with a spear.
You block the gnoll's attack.
You slash the gnoll! You barely miss the gnoll. You block the gnoll's attack.
The gnoll barely misses you. The gnoll hits you but does no damage.
You hit the gnoll. x2; The gnoll hits you but does no damage. x2
The gnoll closely misses you.
The gnoll hits you from afar with a spear.
All of the chunks of flesh in your inventory have rotted away.
Your shield and scale mail prevent you from hitting the gnoll.
You hit the gnoll.
You kill the gnoll!
Your Armour skill increases to level 4!
You block the gnoll's attack. The gnoll hits you but does no damage.
The gnoll barely misses you.
You barely miss the kobold.
Your shield prevents you from hitting the gnoll.
The kobold hits you with a short sword.
* * * LOW HITPOINT WARNING * * *
The gnoll hits you from afar with a spear!
* * * LOW HITPOINT WARNING * * *
The gnoll hits you but does no damage. The kobold hits you with a short sword.
You die...

...▒░
▒▒..., ░
▒.. ▒▒....
, ░
▒▒▒.▒▒..▒..
, ░
▒.....<▒..
, ,
▒....(▒▒.▒
░░
▒.....▒..
▒...g.▒.▒░
▒....K▒.▒
▒▒▒▒.gg.▒ ░
▒..▒▒▒▒ ,
░░▒.▒░ , ,
,... ░ ...▒
░░ ░ ....,,
, .... ░ ░
░ ░


You could see 2 gnolls and a kobold.

Vanquished Creatures
  Natasha (thrice) (D:2)
  A gnoll (D:3)
  A dart slug (D:2)
  2 leopard geckos
  4 bats
  2 giant cockroaches
  4 goblins
  2 hobgoblins
  2 ball pythons (D:1)
  8 frilled lizards
  5 kobolds
  3 rats
37 creatures vanquished.

Notes
Turn   | Place    | Note
-------+----------+-------------------------------------------
     0 | D:1      | Jesseh the Deep Dwarf Fighter began the quest for the Orb.
     0 | D:1      | Reached XP level 1. HP: 20/20 MP: 1/1
   168 | D:1      | Reached skill level 3 in Fighting
   185 | D:1      | Reached XP level 2. HP: 16/28 MP: 2/2
   944 | D:2      | Reached skill level 3 in Axes
   963 | D:2      | HP: 7/28 [frilled lizard (2)]
  1055 | D:2      | HP: 6/28 [dart slug/slug dart (1)]
  1257 | D:2      | HP: 5/28 [leopard gecko (1)]
  1259 | D:2      | Reached XP level 3. HP: 5/34 MP: 3/3
  1269 | D:2      | Found a radiant altar of Vehumet.
  1269 | D:2      | Found an iron altar of Okawaru.
  1319 | D:2      | Noticed Natasha
  1327 | D:2      | Killed Natasha
  1602 | D:2      | Noticed Natasha
  1617 | D:2      | Killed Natasha
  1617 | D:2      | Reached XP level 4. HP: 14/42 MP: 4/4
  1684 | D:2      | Noticed Natasha
  1692 | D:2      | Killed Natasha
  1692 | D:2      | Reached skill level 4 in Axes
  1818 | D:3      | Reached skill level 4 in Armour
  1819 | D:3      | HP: 10/42 [kobold/short sword (2)]
  1819 | D:3      | HP: 3/42 [gnoll/spear (7)]
  1819 | D:3      | Slain by a kobold

Skill      XL: |  1  2  3  4 |
---------------+-------------+-----
Fighting       | 3 |  3.5
Axes           | 3 4 |  4.2
Armour         | 4 |  4.0
Shields        | |  3.2

Action                   |  1- 3 |  4- 6 || total
-------------------------+-------+-------++-------
Melee: War axe           |   147 |    11 ||   158
Throw: Stone             |     3 |       ||     3
Evoke: Wand              |     1 |       ||     1
  Eat: Chunk             |     3 |       ||     3
Armor: Scale mail        |    57 |     8 ||    65
Dodge: Dodged            |    48 |     4 ||    52
Block: Shield            |    73 |     7 ||    80

Vault maps used:
D:1:      eino_arrival_tree_alley
D:2:      gammafunk_temple_overflow_statue, serial_glass, glass_columns_b,
          glass_columns_a, feat_on_display, minmay_strange_pillars,
          feat_on_display, first_bread, uniq_natasha
D:3:      cheibrodos_helix_gallery, nicolae_ru_great_annihilating_truth,
          trog_hazing_becter

Table legend:
 A = Turns spent in this place as a percentage of turns spent in the entire game.
 B = Non-inter-level travel turns spent in this place as a percentage of non-inter-level travel turns spent in the entire game.
 C = Inter-level travel turns spent in this place as a percentage of turns spent in this place.
 D = Turns resting spent in this place as a percentage of non-inter-level travel turns spent in this place.
 E = Turns spent auto-exploring this place as a percentage of non-inter-level travel turns spent in this place.
 F = Non-inter-level travel turns spent in this place divided by the number of levels of this place that you've seen.
                   A       B       C       D       E      F
               +-------+-------+-------+-------+-------+----------------------
         Total | 100.0 | 100.0 |   0.4 |   0.0 |   9.7 | 165.7
       Dungeon | 100.0 | 100.0 |   0.4 |   0.0 |   9.7 | 165.7
               +-------+-------+-------+-------+-------+----------------------

Table legend:
 A = Kills in this place as a percentage of kills in entire the game.
 B = Kills by you in this place as a percentage of kills by you in the entire game.
 C = Kills by friends in this place as a percentage of kills by friends in the entire game.
 D = Other kills in this place as a percentage of other kills in the entire game.
 E = Experience gained in this place as a percentage of experience gained in the entire game.
 F = Experience gained in this place divided by the number of levels of this place that you have seen.
                   A       B       C       D       E      F
               +-------+-------+-------+-------+-------+----------------------
         Total | 100.0 | 100.0 |  -nan |  -nan | 100.0 |  57.7
       Dungeon | 100.0 | 100.0 |  -nan |  -nan | 100.0 |  57.7
               +-------+-------+-------+-------+-------+----------------------
